 Dungeon Sprint DCSS version 0.27.1-2-g3b301248ec (webtiles) character file.

Game seed: 14866630344469317227

238 boopmooplesden the Fighter (level 5, 0/56 HPs)
             Began as a Minotaur Fighter on Sept 22, 2021.
             Succumbed to a scorpion's poison
             ... in the Dungeon (Sprint II: "The Violet Keep of Menkaure").
             The game lasted 00:00:27 (22 turns).

boopmooplesden the Fighter (Minotaur Fighter)         Turns: 22, Time: 00:00:27

Health: 0/56       AC:  8    Str: 21    XL:     5   Next: 78%
Magic:  4/4        EV:  8    Int:  5    God:
Gold:   0          SH: 11    Dex: 10    Spells: 4/4 levels left

rFire    . . .     SeeInvis .   a - +0 war axe
rCold    . . .     Faith    .   c - +0 kite shield
rNeg     . . .     Spirit   .   b - +0 scale mail
rPois    .         Reflect  .   (helmet restricted)
rElec    .         Harm     .   (no cloak)
rCorr    .         Rampage  .   (no gloves)
Will     .....     NoTele   +   (no boots)
Stlth    ..........             (no amulet)
HPRegen  0.18/turn              (no ring)
MPRegen  0.09/turn              (no ring)

@: mighty, lethally poisoned (0 -> -8)
A: horns 2, retaliatory headbutt
a: no special abilities


You were in the Dungeon.
You visited 1 branch

Inventory:

Hand Weapons
 a - a +0 war axe (weapon)
Armour
 b - a +0 scale mail (worn)
 c - a +0 kite shield (worn)
Scrolls
 j - a scroll of blinking
Potions
 g - a potion of haste
 h - 2 potions of magic
 i - a potion of berserk rage


   Skills:
 + Level 8.8 Fighting
 + Level 5.5 Axes
 + Level 8.6 Armour
 + Level 8.4 Shields


You had 4 spell levels left.
You didn't know any spells.
Your spell library was empty.

Dungeon Overview and Level Annotations

Branches:
Dungeon (1/1)

Altars:


Innate Abilities, Weirdness & Mutations

You have a pair of horns on your head.
You reflexively headbutt those who attack you in melee.


Message History

You are more poisoned.
The scorpion poisons you!
You feel much better.
You feel very sick. You block the scorpion's attack.
You hit the scorpion.
The scorpion is moderately wounded.
You feel very sick. You block the scorpion's attack. x2
You slice the scorpion!!
You kill the scorpion!
You feel very sick. The scorpion stings you.
* * * LOW HITPOINT WARNING * * *
You are lethally poisoned!
The scorpion poisons you!
Your Fighting skill increases to level 8!
Your Axes skill increases to level 5!
Your Armour skill increases to level 8!
You have reached level 5!
You hit the scorpion. Your headbutt misses the scorpion.
The scorpion is moderately wounded.
* * * LOW HITPOINT WARNING * * *
You feel very sick. You block the scorpion's attack. The scorpion stings you.
* * * LOW HITPOINT WARNING * * *
You slash the scorpion!
You kill the scorpion!
* * * LOW HITPOINT WARNING * * *
You feel very sick.
Your Shields skill increases to level 8!
Unknown command.
* * * LOW HITPOINT WARNING * * *
You feel sick.
There is an open door here.
Things that are here:
a scorpion corpse; a scorpion corpse
There is a lethal amount of poison in your body!
There is a lethal amount of poison in your body!
Found 243 gold pieces.
You die... ## ## .# #. l#l

## #+###.#
##.##@.#
+.<.†##$'..#
##.##..##....
#+# #.# ...
## .


There were no monsters in sight!

Vanquished Creatures
  4 scorpions (D)
4 creatures vanquished.

Notes
Turn   | Place    | Note
-------+----------+-------------------------------------------
     0 | D        | boopmooplesden the Minotaur Fighter began the quest for the
                  | Orb.
     0 | D        | Reached XP level 1. HP: 19/19 MP: 0/0
     1 | D        | Noticed a wyvern
     1 | D        | Noticed a wyvern
     4 | D        | Noticed a scorpion
     4 | D        | Noticed a scorpion
     4 | D        | Noticed a scorpion
     4 | D        | Noticed a scorpion
    11 | D        | Killed a scorpion
    12 | D        | Reached XP level 2. HP: 4/30 MP: 1/1
    12 | D        | Reached XP level 3. HP: 5/37 MP: 2/2
    13 | D        | Killed a scorpion
    14 | D        | Reached XP level 4. HP: 17/47 MP: 3/3
    18 | D        | Killed a scorpion
    19 | D        | Reached skill level 5 in Axes
    19 | D        | Reached XP level 5. HP: 16/53 MP: 4/4
    21 | D        | HP: 2/56 [poisoned by a scorpion]
    22 | D        | Succumbed to a scorpion's poison

Illustrated notes

Levels and vault maps discovered:
D:        the_violet_keep_of_menkaure [sprint2_stairs_cluster_1,
          sprint2_shoproom, sprint2_temple, sprint2_basic_supplies,
          sprint2_obstacle_7, sprint2_obstacle_1, sprint2_obstacle_5,
          sprint2_obstacle_2, sprint2_obstacle_6, sprint2_timed_cluster_1,
          sprint2_smallroom_cluster_1, sprint2_smallroom_final_cluster_1,
          sprint2_transparent_cluster_1, sprint2_second_timed_cluster_1,
          sprint2_sniper_area_1, sprint2_heavy_combat_area_1,
          sprint2_mutation_trap_area_1, sprint2_forest_area_1,
          sprint2_light_combat_area_1, sprint2_behind_water_1,
          sprint2_near_end_vault_1]

Skill      XL: |  1  2  3  4  5 |
---------------+----------------+-----
Fighting       | 6 7 8 |  8.8
Axes           | 3 4 5 |  5.5
Armour         | 6 7 8 |  8.6
Shields        | 6 7 8 |  8.4

Action                   |  1- 3 |  4- 6 || total
-------------------------+-------+-------++-------
Melee: War axe           |     6 |     6 ||    12
       Headbutt          |     2 |       ||     2
  Use: Potion            |     2 |     1 ||     3
Armor: Scale mail        |     2 |     1 ||     3
Dodge: Dodged            |     3 |     1 ||     4
Block: Kite shield       |     3 |     4 ||     7
